 Dungeon Crawl Stone Soup version 0.19.5 (webtiles) character file.

758 miragecloak the Insei (level 7, -1/45 HPs)
             Began as an Octopode Transmuter on May 2, 2017.
             Was an Initiate of Ashenzari.
             Slain by an orc
             ... wielding a +0 whip
              (7 damage)
             ... on level 5 of the Dungeon.
             The game lasted 00:06:18 (4532 turns).

miragecloak the Insei (Octopode Transmuter)         Turns: 4532, Time: 00:06:18

Health: -1/45      AC:  2    Str: 10    XL:     7   Next: 80%
Magic:  2/10       EV: 20    Int: 15    God:    Ashenzari [......]
Gold:   174        SH:  0    Dex: 19    Spells: 2 memorised, 6 levels left

rFire  . . .     SeeInvis .       - Unarmed
rCold  . . .     Gourm    .     (shield currently unavailable)
rNeg   . . .     Faith    .     (helmet currently unavailable)
rPois  x         Spirit   .     (no amulet)
rElec  .         Reflect  .     (no ring)
rCorr  .         Harm     .     (no ring)
MR     .....                    (no ring)
Stlth  ++........               (no ring)
                                (no ring)
                                (no ring)
                                (no ring)
                                (no ring)

@: spider-form, very slightly contaminated, slowed, very slow
A: almost no armour, stealthy swim, (amphibious), 8 rings, (constrict 8),
(camouflage 0), (gelatinous body 0)
a: End Transformation, Curse Item, Renounce Religion


You were on level 5 of the Dungeon.
You worshipped Ashenzari.
Ashenzari was noncommittal.
You were not hungry.
You were a venomous arachnid creature.
You visited 1 branch of the dungeon, and saw 5 of its levels.

You collected 174 gold pieces.

Inventory:

Missiles
 a - 70 arrows
Scrolls
 d - 4 scrolls of teleportation {unknown}
 e - a scroll of enchant weapon {unknown}
 f - 2 scrolls of amnesia {unknown}
 g - 2 scrolls of remove curse
 h - 2 scrolls of random uselessness {unknown}
 i - a scroll of enchant armour {unknown}
 n - a scroll of blinking {unknown}
 r - a scroll of magic mapping {unknown}
Potions
 j - a potion of curing
 k - a potion of heal wounds {unknown}
 l - a potion of mutation {unknown}
 o - a potion of resistance {unknown}
 p - a potion of invisibility {unknown}
Books
 b - a book of Changes

   Spells                             Type                      Level
   a - Beastly Appendage              Transmutation                1
   b - Sticks to Snakes               Transmutation                2
   c - Spider Form                    Transmutation/Poison         3
   d - Ice Form                       Ice/Transmutation            4
   e - Blade Hands                    Transmutation                5
Comestibles
 c - 4 bread rations
 m - 3 meat rations


   Skills:
 + Level 2.0 Fighting
 - Level 2.0 Dodging
 + Level 6.9 Unarmed Combat
 - Level 2.0 Spellcasting
 - Level 4.0 Transmutations
 - Level 4.3 Poison Magic


You had 6 spell levels left.
You knew the following spells:

 Your Spells              Type           Power        Failure   Level  Hunger
a - Beastly Appendage     Tmut           ##....       14%         1    #......
b - Spider Form           Tmut/Pois      ##........   32%         3    ###....


Dungeon Overview and Level Annotations

Branches:
Dungeon (5/15)
 Temple: D:4-7

Altars:
Ashenzari
Elyvilon
Makhleb
Nemelex Xobeh
Uskayaw
Xom

Shops:
D:4 =

Annotations:
D:2 Sigmund
D:4 1 runed door


Innate Abilities, Weirdness & Mutations

You cannot wear most types of armour.
You are very stealthy in the water. (Stealth+)
((You are amphibious.))
You can wear up to eight rings at the same time.
((You can use your tentacles to constrict eight enemies at once.))
((Your skin changes colour to match your surroundings (Stealth+).))
((Your rubbery body absorbs attacks. (AC +1, EV +1)))


Message History

You bite the centaur!
You kill the centaur!
* * * LOW HITPOINT WARNING * * *
You feel sick.
The orc wizard points at you and mumbles some strange words.
You feel yourself slow down.
An orc wizard comes into view. It is wielding a dagger.
You feel better. The orc wizard completely misses you.
You hit the orc wizard.
You kill the orc wizard!
Your Fighting skill increases to level 2!
Your transformation has ended.
The orc misses you. The orc hits you with a whip.
* * * LOW HITPOINT WARNING * * *
Casting: Spider Form
Confirm with . or Enter, or press ? or * to list all spells.
You turn into a venomous arachnid creature.
The orc shouts!
The orc hits you with a whip!
You die... ...o. .. ... o...# oo.

.... ...#
###'####... ...#
#........# ..#
#...(....# #.##
#........# #..#
#...)o...# #.o#
#...s....# #..##
#..(.....# #...#
#........#
#.#.####(.......#
#.%....)(.......#
###..###........#
##.# ###.=#####
#.# #..#
#.#####..###


You could see an orc wizard (wandering) and 2 orcs.

Vanquished Creatures
  2 centaurs (D:5)
  2 ogres (D:4)
  A howler monkey (D:4)
  2 hounds
  3 orc wizards
  4 worker ants
  3 gnolls (D:5)
  3 adders
  2 worms
  A dart slug (D:1)
  4 leopard geckos
  11 orcs
  3 giant cockroaches (D:3)
  6 goblins
  5 hobgoblins
  10 jackals
  2 quokkas
  4 bats (D:1)
  3 frilled lizards
  3 kobolds
  8 rats
82 creatures vanquished.

Notes
Turn   | Place    | Note
-------+----------+-------------------------------------------
     0 | D:1      | miragecloak the Octopode Transmuter began the quest for the Orb.
     0 | D:1      | Reached XP level 1. HP: 13/13 MP: 3/3
   138 | D:1      | Reached XP level 2. HP: 14/18 MP: 3/5
   837 | D:2      | Reached XP level 3. HP: 14/23 MP: 6/6
  1031 | D:2      | Learned a level 3 spell: Spider Form
  1330 | D:2      | Found a shattered altar of Ashenzari.
  1330 | D:2      | Found a white marble altar of Elyvilon.
  1344 | D:2      | Became a worshipper of Ashenzari the Shackled
  1381 | D:2      | Noticed Sigmund
  1584 | D:3      | Found a faded altar of an unknown god.
  1743 | D:3      | Reached skill level 1 in Poison Magic
  1901 | D:3      | Reached XP level 4. HP: 24/28 MP: 4/7
  2322 | D:3      | Found a burning altar of Makhleb.
  2333 | D:3      | Reached XP level 5. HP: 27/33 MP: 1/8
  2840 | D:4      | Noticed an ogre
  2859 | D:4      | Killed an ogre
  2859 | D:4      | Reached skill level 4 in Unarmed Combat
  2859 | D:4      | Reached XP level 6. HP: 19/38 MP: 7/9
  3042 | D:4      | Found a burning altar of Makhleb.
  3047 | D:4      | Found a sparkling altar of Nemelex Xobeh.
  3227 | D:4      | Reached skill level 5 in Unarmed Combat
  3568 | D:4      | Reached XP level 7. HP: 32/43 MP: 7/10
  3765 | D:4      | Found a runed door.
  3811 | D:4      | Found a shimmering altar of Xom.
  3861 | D:4      | Found Wely's Jewellery Shoppe.
  3889 | D:4      | Found a hide-covered altar of Uskayaw.
  4094 | D:5      | Entered Level 5 of the Dungeon
  4122 | D:5      | Reached skill level 6 in Unarmed Combat
  4529 | D:5      | HP: 2/44 [poisoned by an orc wizard]
  4532 | D:5      | Slain by an orc

Skill      XL: |  1  2  3  4  5  6  7 |
---------------+----------------------+-----
Transmutations | 3 4 |  4.0
Poison Magic   | 1 3 4 |  4.3
Unarmed Combat | 4 5 6 |  6.9
Fighting       | 2 |  2.0
Dodging        | |  2.0
Spellcasting   | |  2.0

Action                   |  1- 3 |  4- 6 |  7- 9 || total
-------------------------+-------+-------+-------++-------
Melee: Unarmed           |    82 |    94 |    32 ||   208
       Constrict         |    24 |     6 |     2 ||    32
       Kick              |    20 |     1 |       ||    21
       Tentacles         |    14 |     2 |     1 ||    17
       Punch             |       |     1 |       ||     1
 Cast: Beastly Appendage |    21 |     2 |       ||    23
       Spider Form       |     2 |    17 |     7 ||    26
  Use: Potion            |       |       |     2 ||     2
 Stab: Sleeping          |     5 |     3 |     2 ||    10
  Eat: Chunk             |     4 |     7 |     5 ||    16
Armor: Skin              |     9 |     5 |     2 ||    16
Dodge: Dodged            |    59 |    65 |    31 ||   155
